 Dungeon Crawl Stone Soup version 0.27.0-1-g7a089689b8 (webtiles) character file.

Game seed: 16816600983151294092

2125 tovald2 the Poker (level 9, -6/87 HPs)
             Began as a Troll Monk on Aug 18, 2021.
             Mangled by a five-headed hydra (11 damage)
             ... on level 6 of the Dungeon.
             The game lasted 00:15:03 (3659 turns).

tovald2 the Poker (Troll Monk)                      Turns: 3659, Time: 00:15:03

Health: -6/87      AC: 10    Str: 22    XL:     9   Next: 8%
Magic:  8/8        EV: 12    Int:  6    God:
Gold:   105        SH:  0    Dex: 18    Spells: 4/8 levels left

rFire    . . .     SeeInvis .   i - +4 spear (vorpal)
rCold    . . .     Faith    .   (no shield)
rNeg     . . .     Spirit   .   r - +2 robe "Nipp" {Dex+4}
rPois    +         Reflect  .   (helmet restricted)
rElec    .         Harm     .   (no cloak)
rCorr    .         Rampage  .   (gloves unavailable)
Will     .....                  (boots unavailable)
Stlth    ++........             p - amulet of magic regeneration
HPRegen  1.24/turn              e - ring of poison resistance
MPRegen  0.36/turn              g - +4 ring of protection

@: no status effects
A: large, unfitting armour, claws 3, regeneration 1, shaggy fur 1, tough skin 1
a: no special abilities


You were on level 6 of the Dungeon.
You visited 1 branch of the dungeon, and saw 6 of its levels.

You collected 105 gold pieces.

Inventory:

Hand Weapons
 h - a +0 vorpal hand axe
 i - a +4 vorpal spear (weapon)
Missiles
 f - 4 boomerangs (quivered)
Armour
 d - a +3 plate armour of cold resistance
 r - the +2 robe "Nipp" (worn) {Dex+4}
   (You found it on level 6 of the Dungeon)

   Dex:       It affects your dexterity (+4).
Jewellery
 e - a ring of poison resistance (left claw)
 g - a +4 ring of protection (right claw)
 p - an amulet of magic regeneration (around neck)
 q - a ring of poison resistance
Scrolls
 a - a scroll of fear {unknown}
 b - 4 scrolls of teleportation
 j - 4 scrolls of identify
 l - a scroll of amnesia {unknown}
 n - a scroll of fog {unknown}
 o - a scroll of enchant armour
 s - a scroll of noise {unknown}
Potions
 c - a potion of curing
 k - a potion of invisibility {unknown}
 m - a potion of resistance {unknown}


   Skills:
 * Level 4.9 Fighting
 * Level 6.3 Polearms
 * Level 4.9 Dodging
 + Level 1.6 Stealth
 + Level 5.8 Unarmed Combat


You had 4 spell levels left.
You knew the following spells:

 Your Spells              Type           Power      Damage    Failure   Level
a - Dispel Undead         Necr           0%         3d6       99%         4

Your spell library contained the following spells:

 Spells                   Type           Power      Damage    Failure   Level
 Shock                    Conj/Air       0%         1d3       45%         1
 Static Discharge         Conj/Air       0%         N/A       58%         2
 Ignite Poison            Fire/Tmut/Pois 0%         N/A       83%         3
 Mephitic Cloud           Conj/Pois/Air  0%         N/A       83%         3
 Swiftness                Air            0%         N/A       83%         3
 Tukima's Dance           Hex            0%         N/A       83%         3
 Airstrike                Air            0%         N/A       99%         4
 Passage of Golubria      Tloc           N/A        N/A       99%         4
 Sticky Flame             Conj/Fire      0%         2d3       99%         4
 Bolt of Magma            Conj/Fire/Erth 0%         4d4       100%        5
 Yara's Violent Unravell  Hex/Tmut       0%         3d3       100%        5
 Dispersal                Tloc           0%         N/A       100%        6
 Disjunction              Tloc           0%         N/A       100%        8


Dungeon Overview and Level Annotations

Branches:
Dungeon (6/15)             Temple (0/1) D:6

Altars:
Sif Muna

Shops:
D:5 (


Innate Abilities, Weirdness & Mutations

You are too large for most types of armour.
You have claws for hands.
Your natural rate of healing is unusually fast.
You are covered in fur. (AC +1)
You have tough skin. (AC +1)


Message History

The five-headed hydra barely misses you.
The five-headed hydra bites you!
You hit the five-headed hydra.
The five-headed hydra is moderately wounded.
The five-headed hydra bites you but does no damage.
The five-headed hydra barely misses you.
The five-headed hydra closely misses you.
The five-headed hydra bites you but does no damage.
The five-headed hydra misses you.
You hit the five-headed hydra.
The five-headed hydra is heavily wounded.
The five-headed hydra bites you.
The five-headed hydra barely misses you.
The five-headed hydra bites you but does no damage.
The five-headed hydra misses you. The five-headed hydra bites you!
* * * LOW HITPOINT WARNING * * *
You hit the five-headed hydra.
The five-headed hydra is heavily wounded.
You hit the five-headed hydra.
The five-headed hydra is severely wounded.
The five-headed hydra bites you!
* * * LOW HITPOINT WARNING * * *
The five-headed hydra bites you.
* * * LOW HITPOINT WARNING * * *
The five-headed hydra bites you.
* * * LOW HITPOINT WARNING * * *
The five-headed hydra barely misses you.
The five-headed hydra bites you but does no damage.
You puncture the five-headed hydra!
The five-headed hydra is severely wounded.
The five-headed hydra bites you.
* * * LOW HITPOINT WARNING * * *
The five-headed hydra barely misses you.
The five-headed hydra misses you.
The five-headed hydra barely misses you.
The five-headed hydra completely misses you.
You hit the five-headed hydra.
The five-headed hydra is severely wounded.
The five-headed hydra bites you!
You die...

# ### # #.. # #.# ##
## # #.# ###. ###.
.# ##########
###.###.... ...#.#
#........# ........#
#D..# #.######.#
#.....## #@# #.# #.#
##...#####. #.# #.#
####.####
###........ #.# #.#
#........ #
#.####### #.# #.#
#.##.#### # #.# #.#
#.###.##.## ##'##
#.# #.........#
##...##
#####.####.........#
#..!..##
#..^....##..##.##..#
......<##
#..##.#.##..##.....#
#


You could see a five-headed hydra.

Vanquished Creatures
  Pikel (D:5)
  Prince Ribbit (D:6)
  A water moccasin (D:6)
  A sky beast (D:6)
  An orc warrior (D:4)
  2 necrophages
  2 ogres
  A lemure (D:5)
  A water moccasin zombie (D:6)
  A scorpion (D:5)
  3 hounds
  An orc priest (D:4)
  2 bullfrog zombies
  A gnoll shaman (D:6)
  2 jellies
  A bullfrog skeleton (D:5)
  Terence (D:3)
  Natasha (D:3)
  4 orc wizards
  11 gnolls
  5 adders
  A white imp (D:6)
  2 ufetubi
  7 dart slugs
  19 orcs
  7 ball pythons
  4 bats
  2 endoplasms
  5 giant cockroaches
  6 goblins
  5 hobgoblins
  14 jackals
  3 quokkas
  A frilled lizard (D:3)
  4 kobolds
  3 rats
127 creatures vanquished.

Notes
Turn   | Place    | Note
-------+----------+-------------------------------------------
     0 | D:1      | tovald2 the Troll Monk began the quest for the Orb.
     0 | D:1      | Reached XP level 1. HP: 22/22 MP: 0/0
    38 | D:1      | Found a faded altar of an unknown god.
    45 | D:1      | Became a worshipper of Sif Muna the Loreminder
    45 | D:1      | Reached * piety under Sif Muna
    45 | D:1      | Reached ** piety under Sif Muna
   100 | D:1      | Fell from the grace of Sif Muna
   160 | D:1      | Reached XP level 2. HP: 29/29 MP: 1/1
   345 | D:1      | Reached XP level 3. HP: 33/36 MP: 2/2
   674 | D:2      | Reached XP level 4. HP: 44/44 MP: 3/3
   963 | D:3      | Noticed a necrophage
   978 | D:3      | Killed a necrophage
   979 | D:3      | Reached XP level 5. HP: 38/53 MP: 4/4
  1005 | D:3      | Noticed Terence
  1014 | D:3      | Killed Terence
  1115 | D:3      | Noticed Natasha
  1124 | D:3      | Killed Natasha
  1125 | D:3      | Reached skill level 5 in Unarmed Combat
  1304 | D:4      | Reached skill level 1 in Polearms
  1304 | D:4      | Reached XP level 6. HP: 35/61 MP: 5/5
  1369 | D:4      | Noticed an orc warrior
  1543 | D:4      | Killed an orc warrior
  1544 | D:4      | Reached skill level 2 in Polearms
  1738 | D:4      | Reached XP level 7. HP: 67/67 MP: 6/6
  1962 | D:5      | Entered Level 5 of the Dungeon
  2004 | D:5      | Reached skill level 3 in Polearms
  2122 | D:5      | Found Riph's Weapon Emporium.
  2123 | D:5      | Noticed Pikel
  2148 | D:5      | Killed Pikel
  2149 | D:5      | Reached skill level 4 in Polearms
  2149 | D:5      | Reached XP level 8. HP: 55/78 MP: 7/7
  2967 | D:6      | Reached skill level 5 in Polearms
  3061 | D:6      | Learned a level 4 spell: Dispel Undead
  3327 | D:6      | Identified the +2 robe "Nipp" {Dex+4}
  3367 | D:6      | Reached skill level 6 in Polearms
  3422 | D:6      | Noticed Prince Ribbit
  3436 | D:6      | Killed Prince Ribbit
  3437 | D:6      | Reached XP level 9. HP: 45/87 MP: 8/8
  3553 | D:6      | Found a staircase to the Ecumenical Temple.
  3645 | D:6      | Noticed a five-headed hydra
  3658 | D:6      | HP: 4/87 [five-headed hydra (4)]
  3659 | D:6      | Mangled by a five-headed hydra

Illustrated notes

Levels and vault maps discovered:
D:1:      wander_arrival_lonely_grave, layout_rooms,
          dreamdust_ecumenical_altar_hidden_monk_grotto
D:2:      layout_rooms, grunt_decor_cap, minmay_misc_feat_iff
D:3:      layout_basic, uniq_natasha, uniq_crazy_yiuf_cottage, uniq_terence
D:4:      layout_cave_pools
D:5:      layout_loops_corners, serial_shops, nicolae_stop_n_shop_2,
          kennysheep_generic_room_4, uniq_pikel
D:6:      layout_loops_corners, minmay_temple_entry_nine_rooms,
          uniq_prince_ribbit1

Skill      XL: |  1  2  3  4  5  6  7  8 |
---------------+-------------------------+-----
Dodging        | 3 4 |  4.9
Unarmed Combat | 4 5 |  5.8
Fighting       | 3 4 |  4.9
Polearms       | 1 2 4 6 |  6.3
Stealth        | |  1.6

Action                   |  1- 3 |  4- 6 |  7- 9 || total
-------------------------+-------+-------+-------++-------
Melee: Unarmed           |    89 |    17 |       ||   106
       Punch             |     2 |     2 |     8 ||    12
       Spear             |       |   141 |   197 ||   338
Throw: Boomerang         |       |       |     1 ||     1
Invok: Renounce Religion |     1 |       |       ||     1
  Use: Scroll            |       |     4 |     2 ||     6
       Potion            |       |     2 |       ||     2
 Stab: Sleeping          |     1 |     2 |     2 ||     5
Armor: Robe              |    31 |    70 |    50 ||   151
Dodge: Dodged            |    47 |    79 |    73 ||   199
